 Dungeon Crawl Stone Soup version 0.20.1-1-g8b1a95d (console) character file.

1113 hilaritas the Conjurer (level 8, -4/46 HPs)
             Began as a Deep Elf Conjurer on Feb 18, 2018.
             Was an Initiate of Vehumet.
             Shot with an arrow by a centaur (7 damage)
             ... on level 6 of the Dungeon.
             The game lasted 00:16:03 (6659 turns).

hilaritas the Conjurer (Deep Elf Conjurer)          Turns: 6659, Time: 00:16:04

Health: -4/46      AC:  4    Str:  5    XL:     8   Next: 11%
Magic:  13/19      EV: 16    Int: 23    God:    Vehumet [......]
Gold:   270        SH:  0    Dex: 15    Spells: 5/19 levels left

rFire    . . .     SeeInvis .   e - +0 dagger
rCold    . . .     Gourm    .   (no shield)
rNeg     . . .     Faith    .   a - +1 robe
rPois    .         Spirit   .   (no helmet)
rElec    .         Reflect  .   (no cloak)
rCorr    .         Harm     .   w - +0 pair of gloves
MR       .....                  (no boots)
Stlth    ++........             (no amulet)
Regen    0.2/turn               (no ring)
MPRegen  0.2/turn               (no ring)

@: no status effects
A: no striking features
a: Renounce Religion


You were on level 6 of the Dungeon.
You worshipped Vehumet.
Vehumet was noncommittal.
You were not hungry.

You visited 2 branches of the dungeon, and saw 7 of its levels.

You collected 270 gold pieces.

Inventory:

Hand Weapons
 e - a +0 dagger (weapon)
Missiles
 i - 113 arrows
Armour
 a - a +1 robe (worn)
 w - a +0 pair of gloves (worn)
Wands
 v - a wand of polymorph (14/24)
Scrolls
 g - a scroll of amnesia
 l - 2 scrolls of teleportation
 p - 2 scrolls of enchant armour
 q - a scroll of magic mapping
 r - a scroll of remove curse
Potions
 d - 2 potions of heal wounds
 f - 2 potions of lignification
 h - 2 potions of haste
 j - a potion of brilliance {unknown}
 k - a potion of degeneration {unknown}
 m - a potion of berserk rage
 n - a potion of curing {unknown}
 o - a potion of flight {unknown}
 t - a potion of cancellation {unknown}
 u - a potion of resistance {unknown}
Books
 b - a book of Conjurations

   Spells                             Type                      Level
   a - Magic Dart                     Conjuration                  1
   b - Searing Ray                    Conjuration                  2
   c - Dazzling Spray                 Conjuration/Hexes            3
   d - Fulminant Prism                Conjuration/Hexes            4
   e - Force Lance                    Conjuration/Translocation    4
   f - Iskenderun's Mystic Blast      Conjuration                  4
Comestibles
 c - 5 bread rations
 s - a royal jelly


   Skills:
 * Level 3.3 Fighting
 * Level 5.9 Dodging
 - Level 2.4 Stealth
 - Level 6.0 Spellcasting
 + Level 7.6 Conjurations
 - Level 2.0 Hexes


You had 5 spell levels left.
You knew the following spells:

 Your Spells              Type           Power        Failure   Level  Hunger
a - Magic Dart            Conj           ####         1%          1    None
b - Searing Ray           Conj           #####.       1%          2    None
c - Dazzling Spray        Conj/Hex       ####..       3%          3    #......
d - Iskenderun's Mystic   Conj           #####...     3%          4    ###....
e - Fulminant Prism       Conj/Hex       ####......   12%         4    ###....


Dungeon Overview and Level Annotations

Branches:
Dungeon (6/15)             Temple (1/1) D:5

Altars:
Ashenzari
Cheibriados
Dithmenos
Elyvilon
Fedhas
Gozag
Hepliaklqana
Kikubaaqudgha
Makhleb
Nemelex Xobeh
Okawaru
Qazlal
Ru
Sif Muna
Trog
Uskayaw
Vehumet
Xom
Yredelemnul
Zin
The Shining One


Message History

The centaur is severely wounded.
Casting: Magic Dart
Confirm with . or Enter, or press ? or * to list all spells.
Aiming: Magic Dart
Press: ? - help, Shift-Dir - straight line, f/p - centaur
Aim: a centaur, wielding a shortbow (severely wounded)
The magic dart hits the centaur.
The centaur is almost dead.
The centaur shoots an arrow.
The arrow hits you.
* * * LOW HITPOINT WARNING * * *
Unknown command.
Casting: Magic Dart
Confirm with . or Enter, or press ? or * to list all spells.
Aiming: Magic Dart
Press: ? - help, Shift-Dir - straight line, f/p - centaur
Aim: a centaur, wielding a shortbow (almost dead)
The magic dart hits the centaur.
The centaur is almost dead.
The centaur shoots an arrow.
The arrow hits you!
You die...

.............!
.............
............
...........
..).......
.........
....#...#
........###
........c.####
Z........Z..@#
........######
#...#....
###......
.....## #.....
#8.8..


You could see a centaur and a bullfrog skeleton.

Vanquished Creatures
  A phantom (D:4)
  A sky beast (D:6)
  An ice beast (D:5)
  2 ogres
  A wyvern zombie (D:6)
  3 bullfrog zombies
  2 hounds (D:5)
  A bullfrog skeleton (D:5)
  2 iguanas
  An orc wizard (D:5)
  5 worker ants
  A killer bee zombie (D:6)
  A hound zombie (D:5)
  A hound skeleton (D:6)
  A howler monkey zombie (D:6)
  A howler monkey skeleton (D:4)
  3 adders
  3 oozes
  2 adder zombies (D:6)
  3 worms
  A dart slug (D:2)
  3 leopard geckos
  8 orcs
  3 ball pythons
  6 bats
  4 giant cockroaches
  6 goblins
  5 hobgoblins (D:2)
  7 jackals
  3 quokkas
  7 frilled lizards
  7 kobolds
  10 rats
  A butterfly (D:5)
107 creatures vanquished.

Vanquished Creatures (others)
  A quokka (D:2)
1 creature vanquished.

Grand Total: 108 creatures vanquished

Notes
Turn   | Place    | Note
-------+----------+-------------------------------------------
     0 | D:1      | hilaritas the Deep Elf Conjurer began the quest for the Orb.
     0 | D:1      | Reached XP level 1. HP: 10/10 MP: 6/6
   194 | D:1      | Reached XP level 2. HP: 16/16 MP: 6/8
   448 | D:1      | Learned a level 2 spell: Searing Ray
   533 | D:1      | Reached skill level 5 in Conjurations
   679 | D:1      | Reached XP level 3. HP: 20/20 MP: 6/9
   734 | D:1      | Learned a level 3 spell: Dazzling Spray
  1146 | D:2      | Found a white marble altar of Elyvilon.
  1285 | D:2      | Reached skill level 1 in Fighting
  2123 | D:2      | Reached XP level 4. HP: 25/25 MP: 9/12
  2227 | D:2      | Learned a level 4 spell: Iskenderun's Mystic Blast
  2229 | D:2      | Found a glowing silver altar of Zin.
  3031 | D:3      | Reached skill level 5 in Spellcasting
  3394 | D:4      | Noticed a phantom
  3455 | D:4      | Killed a phantom
  3455 | D:4      | Reached XP level 5. HP: 7/30 MP: 0/15
  3461 | D:4      | Learned a level 4 spell: Fulminant Prism
  3824 | D:4      | Noticed an ogre
  3831 | D:4      | Killed an ogre
  3831 | D:4      | Reached skill level 1 in Hexes
  3831 | D:4      | Reached XP level 6. HP: 35/35 MP: 6/17
  4250 | D:4      | Found a deep blue altar of Sif Muna.
  4250 | D:4      | Found a shattered altar of Ashenzari.
  4343 | D:5      | Entered Level 5 of the Dungeon
  4780 | D:5      | Found a staircase to the Ecumenical Temple.
  4789 | Temple   | Entered the Ecumenical Temple
  4865 | Temple   | Became a worshipper of Vehumet
  5039 | D:5      | Reached XP level 7. HP: 40/40 MP: 14/18
  5231 | D:5      | Reached skill level 6 in Conjurations
  5312 | D:5      | Found a snail-covered altar of Cheibriados.
  5427 | D:5      | Reached skill level 5 in Dodging
  5531 | D:5      | Found a burning altar of Makhleb.
  6147 | D:6      | Reached skill level 7 in Conjurations
  6446 | D:6      | HP: 1/61 [iguana (6)]
  6450 | D:6      | Reached XP level 8. HP: 2/46 MP: 1/19
  6488 | D:6      | HP: 3/46 [sky beast (5)]
  6658 | D:6      | HP: 3/46 [centaur/arrow (6)]
  6659 | D:6      | Shot with an arrow by a centaur

Skill      XL: |  1  2  3  4  5  6  7 |
---------------+----------------------+-----
Conjurations   | 5 7 |  7.6
Fighting       | 1 2 3 |  3.3
Dodging        | 3 4 5 |  5.9
Spellcasting   | 4 6 |  6.0
Hexes          | 1 2 |  2.0
Stealth        | |  2.4

Action                   |  1- 3 |  4- 6 |  7- 9 || total
-------------------------+-------+-------+-------++-------
Melee: Dagger            |       |    16 |    23 ||    39
 Cast: Magic Dart        |    87 |    99 |    69 ||   255
       Searing Ray       |       |     8 |    16 ||    24
       Iskenderun's Myst |       |     1 |       ||     1
       Dazzling Spray    |       |       |     1 ||     1
  Use: Scroll            |     5 |     9 |     1 ||    15
       Potion            |       |     1 |     2 ||     3
  Eat: Chunk             |     3 |     8 |     4 ||    15
       Royal jelly       |       |       |     1 ||     1
Armor: Robe              |     1 |     5 |    16 ||    22
Dodge: Dodged            |     5 |    14 |    45 ||    64
